 Dungeon Crawl Stone Soup version 0.25-a0-713-g4845790874 (webtiles) character file.

Game seed: 7272996725937933331, levelgen mode: deterministic

69508 FessEmpty the Thaumaturge (level 15, 0/115 HPs)
             Began as a Gnoll Venom Mage on Apr 4, 2020.
             Was the Champion of Wu Jian.
             Slain by a spark wasp (16 damage)
             ... on level 3 of the Spider Nest on Apr 5, 2020.
             The game lasted 02:14:16 (14544 turns).

FessEmpty the Thaumaturge (Gnoll Venom Mage)       Turns: 14544, Time: 02:14:16

Health: 0/115      AC: 12    Str: 11    XL:     15   Next: 30%
Magic:  14/29      EV: 19    Int: 23    God:    Wu Jian [******]
Gold:   804        SH:  7    Dex: 17    Spells: 1/35 levels left

rFire    . . .     SeeInvis .   b - +6 rapier (holy)
rCold    . . .     Gourm    .   W - +0 buckler
rNeg     . . .     Faith    .   J - +3 troll leather armour {Snorg}
rPois    +         Spirit   .   (no helmet)
rElec    .         Reflect  .   (no cloak)
rCorr    .         Harm     .   K - +2 pair of gloves {archery}
MR       +....                  (no boots)
Stlth    +++++.....             (no amulet)
HPRegen  0.69/turn              u - +3 ring of intelligence {=R}
MPRegen  0.21/turn              n - ring of poison resistance

@: exhausted, radiating poison
A: distributed training, fangs 1, dopey 1, sense surroundings 1, strong nose
a: Wall Jump, Serpent's Lash, Heavenly Storm, Renounce Religion


You were on level 3 of the Spider Nest.
You worshipped Wu Jian.
Wu Jian was exalted by your worship.
You were not hungry.

You visited 3 branches of the dungeon, and saw 21 of its levels.

You collected 1154 gold pieces.
You spent 350 gold pieces at shops.

Inventory:

Hand Weapons
 b - a +6 rapier of holy wrath (weapon)
 y - the +0 staff of Battle
   (You acquired it on level 6 of the Lair of Beasts)
 H - a +2 rapier of electrocution
Missiles
 k - 37 poisoned darts
 I - 8 silver javelins (quivered)
 T - 2 curare-tipped darts
 V - 7 atropa-tipped darts
Armour
 z - the +10 plate armour of the Demon Prince {Stlth+}
   (You took it off an orc warrior on level 10 of the Dungeon)

   It makes you more stealthy.
 F - a +2 robe of fire resistance
 J - a +3 troll leather armour (worn) {Snorg}
 K - a +2 pair of gloves of archery (worn)
 W - a +0 buckler (worn)
Magical Staves
 a - an uncursed staff of poison
 S - an uncursed staff of wizardry
Jewellery
 n - a ring of poison resistance (right hand)
 u - a +3 ring of intelligence (left hand) {=R}
 x - an uncursed ring of flight
 M - an uncursed ring of protection from fire
 R - an uncursed ring of see invisible
Wands
 w - a wand of digging (5)
 A - a wand of iceblast (31)
 B - a wand of random effects (61)
 Y - a wand of acid (12)
Scrolls
 d - 2 scrolls of immolation
 e - a scroll of fear
 f - 7 scrolls of identify
 i - 7 scrolls of magic mapping
 j - 7 scrolls of remove curse
 l - 2 scrolls of amnesia
 o - 3 scrolls of enchant armour
 p - a scroll of fog {unknown}
 G - 2 scrolls of enchant weapon
 O - a scroll of holy word
 Q - 5 scrolls of teleportation
 X - a scroll of blinking
 Z - a scroll of silence {unknown}
Potions
 g - a potion of resistance
 h - 2 potions of berserk rage
 q - 4 potions of curing
 r - 4 potions of might
 t - 4 potions of heal wounds
 C - 4 potions of stabbing
 D - 2 potions of magic
 E - 5 potions of brilliance
 N - 5 potions of lignification
 P - a potion of flight
 U - 3 potions of ambrosia
Miscellaneous
 m - a phantom mirror
 L - a lightning rod (4/4)
Comestibles
 c - 29 rations
 s - 2 chunks of flesh


   Skills:
 + Level 9.8 Fighting
 + Level 9.8 Short Blades
 + Level 9.8 Long Blades
 + Level 9.8 Axes
 + Level 9.8 Maces & Flails
 + Level 9.8 Polearms
 + Level 9.8 Staves
 + Level 9.8 Slings
 + Level 9.8 Bows
 + Level 9.8 Crossbows
 + Level 9.8 Throwing
 + Level 9.8 Armour
 + Level 10.7 Dodging
 + Level 10.6 Stealth
 + Level 9.8 Shields
 + Level 9.8 Unarmed Combat
 + Level 10.9 Spellcasting
 + Level 8.2 Conjurations
 + Level 8.2 Hexes
 + Level 8.2 Charms
 + Level 8.2 Summonings
 + Level 8.2 Necromancy
 + Level 8.2 Translocations
 + Level 8.5 Transmutations
 + Level 8.2 Fire Magic
 + Level 8.2 Ice Magic
 + Level 8.2 Air Magic
 + Level 8.2 Earth Magic
 + Level 9.9 Poison Magic
 + Level 10.6 Invocations
 + Level 9.8 Evocations


You had one spell level left.
You knew the following spells:

 Your Spells              Type           Power        Failure   Level  Hunger
a - Confusing Touch       Hex            ######..     1%          3    None
b - Poisonous Vapours     Pois/Air       ######       1%          2    None
c - Ignite Poison         Fire/Tmut/Pois ######..     1%          3    None
d - Mephitic Cloud        Conj/Pois/Air  ######..     1%          3    None
e - Olgreb's Toxic Radia  Pois           ######..     1%          4    None
f - Blink                 Tloc           N/A          1%          2    None
g - Slow                  Hex            ######..     1%          2    None
h - Conjure Flame         Conj/Fire      ######..     1%          3    None
i - Sublimation of Blood  Necr           ######....   1%          2    None
j - Ozocubu's Armour      Chrm/Ice       ######..     1%          3    None
k - Shroud of Golubria    Chrm/Tloc      ######       1%          2    None
l - Borgnjor's Vile Clut  Necr/Erth      ######....   6%          5    ####...

Your spell library contained the following spells:

 Spells                   Type           Power        Failure   Level  Hunger
 Infusion                 Chrm           ####         1%          1    None
 Magic Dart               Conj           ####         1%          1    None
 Pain                     Necr           ####         1%          1    None
 Sting                    Tmut/Pois      ####         1%          1    None
 Call Imp                 Summ           ######..     1%          2    None
 Song of Slaying          Chrm           ######..     1%          2    None
 Sticks to Snakes         Tmut           ######..     1%          2    None
 Gell's Gravitas          Tloc           ######....   1%          3    None
 Lesser Beckoning         Tloc           ######....   1%          3    None
 Recall                   Summ/Tloc      N/A          1%          3    None
 Spectral Weapon          Hex/Chrm       ######..     1%          3    None
 Teleport Other           Tloc           ######..     1%          3    None
 Ice Form                 Ice/Tmut       ######..     1%          4    None
 Petrify                  Tmut/Erth      ######..     1%          4    None
 Passage of Golubria      Tloc           N/A          2%          4    None
 Blade Hands              Tmut           ######....   5%          5    ####...
 Yara's Violent Unravell  Hex/Tmut       ######....   5%          5    ####...
 Metabolic Englaciation   Hex/Ice        ######....   6%          5    ####...
 Death Channel            Necr           ######....   32%         6    #####..
 Controlled Blink         Tloc           N/A          100%        8    #######


Dungeon Overview and Level Annotations

Branches:
Dungeon (12/15)            Temple (0/1) D:7            Lair (6/6) D:9
 Shoals (0/4) Lair:4       Spider (3/4) Lair:3        Slime (0/5) Lair:6
    Orc (0/2) D:10

Altars:
Ashenzari
Fedhas
Gozag
Kikubaaqudgha
Makhleb
Okawaru
Qazlal
Uskayaw
Wu Jian
Xom
Zin
Beogh

Shops:
D:4 *   D:9 (   D:10 %

Portals:
Trove: D:10 (give 14 potions of heal wounds)

Annotations:
Spider:2 Arachne


Innate Abilities, Weirdness & Mutations

Your experience applies equally to all skills.
You have very sharp teeth.
Your uncanny sense of smell can sniff out nearby items.
You are dopey. (Int -2)
You passively map a small area around you.


Message History

The zombie hands constrict the orb spider.
You lunge at the orb spider, in a flurry of attacks.
You hit the orb spider.
The orb spider is moderately wounded.
You puncture the orb spider!
The orb spider is heavily wounded.
The zombie hands constrict the orb spider!
The orb spider weaves a glowing orb of energy.
An orb of destruction comes into view.
You spin and attack the orb spider.
You barely miss the orb spider.
The orb spider is severely wounded.
The zombie hands constrict the orb spider!
You kill the orb spider!
The Council accepts your kill.
The orb of destruction hits a rock wall.
You now have 804 gold pieces (gained 21).
A wolf spider comes into view.
A tarantella comes into view.
A demonic crawler comes into view.
Casting: Borgnjor's Vile Clutch (safe; 6% risk of failure)
Confirm with . or Enter, or press ? or * to list all spells.
You begin to radiate toxic energy.
The wolf spider hisses angrily.
The wolf spider is poisoned.
The tarantella is poisoned.
The wolf spider looks even sicker.
The tarantella looks even sicker.
The wolf spider looks even sicker.
The tarantella looks even sicker.
Your toxic aura wanes.
Casting: Olgreb's Toxic Radiance (safe; 1% risk of failure)
Confirm with . or Enter, or press ? or * to list all spells.
You ignite the poison in your surroundings!
The wolf spider seems to burn from within!!
The wolf spider is almost dead.
The tarantella seems to burn from within!!!
You kill the tarantella!
The Council accepts your kill. The wolf spider misses you.
You block the wolf spider's attack.
You hit the wolf spider.
The wolf spider is almost dead.
The wolf spider closely misses you. x2
You spin and attack the wolf spider.
You hit the wolf spider.
The wolf spider is almost dead.
You spin and attack the demonic crawler.
You hit the demonic crawler.
The demonic crawler convulses.
The demonic crawler is lightly wounded.
The wolf spider hits you but does no damage.
You block the wolf spider's attack. The demonic crawler barely misses you.
The demonic crawler closely misses you.
The demonic crawler completely misses you.
The wolf spider misses you. The wolf spider closely misses you.
There is a stone staircase leading up here.
You hit the wolf spider.
The wolf spider is almost dead.
The wolf spider hits you!! You block the wolf spider's attack.
The wolf spider closely misses you. You block the wolf spider's attack.
You spin and attack the wolf spider.
You puncture the wolf spider!
You kill the wolf spider!
The Council accepts your kill. The demonic crawler hits you.
You block the demonic crawler's attack. The demonic crawler closely misses you.
Casting: Ignite Poison (safe; 1% risk of failure)
Confirm with . or Enter, or press ? or * to list all spells.
Okay, then.
Your muscles tense, ready for explosive movement...
You spin and attack the demonic crawler repeatedly, with incredible momentum.
You puncture the demonic crawler!
The demonic crawler convulses.
The demonic crawler is moderately wounded.
You puncture the demonic crawler!
The demonic crawler convulses!
The demonic crawler is heavily wounded.
Aiming: Wall Jump
Press: ? - help, Dir - move target cursor You repeatedly attack the demonic crawler from above, with incredible momentum.
You hit the demonic crawler.
The demonic crawler convulses.
The demonic crawler is severely wounded.
You puncture the demonic crawler!
The demonic crawler convulses.
The demonic crawler is severely wounded.
You impale the demonic crawler!!
You kill the demonic crawler!
The Council accepts your kill.
Your supernatural speed expires.
You see here a tarantella corpse.
You butcher the tarantella corpse.
s - 2 chunks of flesh You feel less exhausted.
Found a stone staircase leading up.
An orb spider comes into view.
A wolf spider, a jumping spider, an orb spider and a demonic crawler come into view.
A demonic crawler comes into view.
The demonic crawler gives a hideous shriek!
The wolf spider hisses angrily.
A jumping spider comes into view.
A wolf spider comes into view. x2
The jumping spider moves out of view.
The orb spider hisses angrily. x2
Casting: Ignite Poison (safe; 1% risk of failure)
Confirm with . or Enter, or press ? or * to list all spells.
You begin to radiate toxic energy.
The wolf spider is poisoned.
The orb spider is poisoned.
The wolf spider hisses angrily.
The wolf spider is poisoned.
The wolf spider hisses angrily.
The wolf spider is poisoned.
The jumping spider hisses angrily.
The jumping spider is poisoned.
The orb spider is poisoned.
The demonic crawler gives a hideous shriek!
The wolf spider looks even sicker.
The orb spider looks even sicker.
You hear an angry buzzing noise.
A spark wasp comes into view.
You closely miss the wolf spider.
The wolf spider is lightly wounded.
The wolf spider looks even sicker.
The spark wasp is poisoned.
The jumping spider hisses angrily.
The jumping spider is poisoned.
The wolf spider looks even sicker.
The orb spider looks even sicker.
The wolf spider hits you!! The wolf spider bites you. The wolf spider hits you!
The wolf spider closely misses you.
An orb spider comes into view.
The wolf spider looks even sicker. x3
The orb spider hisses angrily.
The orb spider is poisoned.
The jumping spider leaps!
Casting: Olgreb's Toxic Radiance (safe; 1% risk of failure)
Confirm with . or Enter, or press ? or * to list all spells.
You ignite the poison in your surroundings!
The wolf spider seems to burn from within!!!
You kill the wolf spider!
The Council accepts your kill.
The jumping spider seems to burn from within!!
You kill the jumping spider!
The Council accepts your kill.
The wolf spider seems to burn from within!!!
You kill the wolf spider!
The Council accepts your kill.
The orb spider seems to burn from within!
The orb spider is heavily wounded.
The orb spider seems to burn from within!!
You kill the orb spider!
The Council accepts your kill.
The spark wasp seems to burn from within!!
The spark wasp is heavily wounded.
The jumping spider seems to burn from within!
The jumping spider is severely wounded.
The wolf spider seems to burn from within!!
The wolf spider is severely wounded.
The orb spider seems to burn from within!
The orb spider is heavily wounded.
The spark wasp is poisoned.
The jumping spider is poisoned.
The orb spider is poisoned.
The wolf spider is poisoned.
The orb spider is poisoned.
Your toxic aura wanes.
The jumping spider leaps!
You spin and attack the demonic crawler.
You hit the demonic crawler but do no damage.
The spark wasp bursts into living lightning!
The living lightning hits the demonic crawler.
The demonic crawler resists.
The living lightning hits you!!
The spark wasp blinks!
The jumping spider leaps!
The demonic crawler hits you but does no damage.
The demonic crawler misses you. The demonic crawler hits you.
The demonic crawler hits you but does no damage.
You block the demonic crawler's attack.
The demonic crawler hits you but does no damage.
Casting: Ignite Poison (safe; 1% risk of failure)
Confirm with . or Enter, or press ? or * to list all spells.
You begin to radiate toxic energy.
The orb spider looks even sicker.
The wolf spider looks even sicker.
The orb spider looks even sicker. x2
The demonic crawler hits you but does no damage.
The demonic crawler hits you.
The demonic crawler hits you but does no damage.
The demonic crawler misses you. The demonic crawler hits you!
The demonic crawler hits you but does no damage.
Your muscles tense, ready for explosive movement...
You spin and attack the spark wasp repeatedly, with incredible momentum.
You hit the spark wasp.
The spark wasp is heavily wounded.
You hit the spark wasp.
You bite the spark wasp, but do no damage.
The spark wasp is severely wounded.
You spin and attack the spark wasp, with incredible momentum.
You hit the spark wasp.
The spark wasp is severely wounded.
Your supernatural speed expires.
Casting: Olgreb's Toxic Radiance (safe; 1% risk of failure)
Confirm with . or Enter, or press ? or * to list all spells.
You ignite the poison in your surroundings!
The spark wasp seems to burn from within.
The spark wasp is severely wounded.
The wolf spider seems to burn from within!!!
You kill the wolf spider!
The Council accepts your kill.
The orb spider seems to burn from within!!!
You kill the orb spider!
The Council accepts your kill.
The orb spider seems to burn from within!!
You kill the orb spider!
The Council accepts your kill.
The spark wasp is poisoned.
The spark wasp stings you! The spark wasp shocks you!
* * * LOW HITPOINT WARNING * * *
The spark wasp stings you!
* * * LOW HITPOINT WARNING * * *
The spark wasp shocks you!
You die...

######..#, ,^.. ^
##....#..# ^...
#........##.....
##........#...... ,
#^........#......
*#<†..............,
* #................
* ,
###.^............ ,
,, .#####.@.......^
, , ,
...#.##○y.....^. ,
∆ ......#ss.......
.......†........ ,
....†...........
....†......[.... *
....^...........
....<...°....^.., *
, ,
................ ,


You could see a spark wasp (pinned) and 2 demonic crawlers.

Vanquished Creatures
  An entropy weaver (Spider:1)
  An ettin (D:10)
  Snorg (D:11)
  Harold (D:8)
  A vault guard (D:10)
  The ghost of Rotter5 the Chiller, a journeyman DrIE of Sif Muna (D:10)
  2 hydras
  A catoblepas (Lair:6)
  A two-headed ogre (D:8)
  An unseen horror (D:11)
  Pikel (D:5)
  A wizard (D:12)
  2 oklob plants (Lair:2)
  11 orb spiders
  3 manticores
  18 wolf spiders
  An elephant (Lair:2)
  Joseph (D:10)
  5 black mambas
  A centaur zombie (D:12)
  A torpor snail (Spider:2)
  Maurice (D:11)
  6 spiny frogs
  4 rime drakes
  4 komodo dragons
  5 demonic crawlers
  10 jumping spiders
  A queen bee (Lair:2)
  5 polar bears (Lair:6)
  3 trolls (D:11)
  9 hornets
  Prince Ribbit (D:9)
  18 hippogriffs
  6 blink frogs
  A dream sheep (Lair:6)
  22 redbacks
  8 tarantellas
  Sigmund (D:2)
  2 wyverns (Lair:2)
  15 spriggans (Lair:6)
  5 basilisks
  2 humans (D:8)
  41 yaks
  A golden eye (shapeshifter) (D:11)
  2 soldier ants
  An acid dragon (D:12)
  8 water moccasins
  4 porcupines
  8 orc warriors
  2 sky beasts
  A slave (D:5)
  3 black bears
  7 ice beasts
  7 ogres
  3 boggarts (Lair:6)
  29 wolves
  9 centaurs
  2 big kobolds
  11 crocodiles
  15 bullfrogs
  A gnoll sergeant (D:6)
  A wyvern skeleton (D:8)
  7 scorpions
  43 killer bees
  5 wights (D:11)
  10 electric eels
  3 crimson imps
  4 bullfrog zombies
  A quasit (D:10)
  3 bullfrog skeletons
  7 hounds
  8 orc priests
  2 jellies
  2 centaur skeletons
  3 iguanas
  16 orc wizards
  A hell rat (Lair:2)
  13 worker ants
  A killer bee zombie (D:9)
  2 hound skeletons (D:11)
  A howler monkey zombie (D:11)
  2 worker ant zombies
  6 gnolls (D:6)
  11 adders
  A howler monkey skeleton (D:4)
  3 shadow imps
  An ooze (D:2)
  2 adder skeletons
  5 worms
  2 dart slugs
  5 leopard geckos
  63 orcs
  2 ball pythons
  6 giant cockroaches
  7 goblins
  7 hobgoblins
  11 jackals
  13 kobolds
  4 quokkas
  5 bats
  7 frilled lizards
  5 rats
  A plant (Lair:2)
642 creatures vanquished.

Vanquished Creatures (others)
  A slave (D:5)
  9 fungi
  7 plants
17 creatures vanquished.

Grand Total: 659 creatures vanquished

Notes
Turn   | Place    | Note
-------+----------+-------------------------------------------
     0 | D:1      | FessEmpty the Gnoll Venom Mage began the quest for the Orb.
     0 | D:1      | Reached XP level 1. HP: 13/13 MP: 6/6
   110 | D:1      | Reached XP level 2. HP: 10/19 MP: 2/7
   254 | D:2      | Noticed Sigmund
   513 | D:1      | Learned a level 2 spell: Poisonous Vapours
   538 | D:2      | Reached skill level 5 in Spellcasting
   538 | D:2      | Reached XP level 3. HP: 22/25 MP: 3/9
   679 | D:2      | Reached skill level 1 in Invocations
   685 | D:2      | Found an ancient bone altar of Kikubaaqudgha.
   726 | D:3      | Found a stormy altar of Qazlal.
   750 | D:2      | Killed Sigmund
   750 | D:2      | Reached skill level 1 in Fighting
   750 | D:2      | Reached skill level 1 in Short Blades
   750 | D:2      | Reached skill level 1 in Long Blades
   750 | D:2      | Reached skill level 1 in Axes
   750 | D:2      | Reached skill level 1 in Maces & Flails
   750 | D:2      | Reached skill level 1 in Polearms
   750 | D:2      | Reached skill level 1 in Staves
   750 | D:2      | Reached skill level 1 in Slings
   750 | D:2      | Reached skill level 1 in Bows
   750 | D:2      | Reached skill level 1 in Crossbows
   750 | D:2      | Reached skill level 1 in Throwing
   750 | D:2      | Reached skill level 1 in Armour
   750 | D:2      | Reached skill level 1 in Shields
   750 | D:2      | Reached skill level 1 in Unarmed Combat
   750 | D:2      | Reached skill level 1 in Conjurations
   750 | D:2      | Reached skill level 1 in Hexes
   750 | D:2      | Reached skill level 1 in Charms
   750 | D:2      | Reached skill level 1 in Summonings
   750 | D:2      | Reached skill level 1 in Necromancy
   750 | D:2      | Reached skill level 1 in Translocations
   750 | D:2      | Reached skill level 1 in Fire Magic
   750 | D:2      | Reached skill level 1 in Ice Magic
   750 | D:2      | Reached skill level 1 in Air Magic
   750 | D:2      | Reached skill level 1 in Earth Magic
   750 | D:2      | Reached skill level 1 in Evocations
   750 | D:2      | Reached XP level 4. HP: 11/32 MP: 0/11
   750 | D:2      | Reached XP level 5. HP: 12/37 MP: 0/12
   905 | D:2      | Found an ornate altar of the Wu Jian Council.
   915 | D:2      | Became a worshipper of the Wu Jian Council
  1089 | D:2      | Reached XP level 6. HP: 39/44 MP: 7/13
  1131 | D:2      | Learned a level 3 spell: Ignite Poison
  1135 | D:2      | Learned a level 3 spell: Mephitic Cloud
  1140 | D:2      | Learned a level 4 spell: Olgreb's Toxic Radiance
  1198 | D:3      | Found a faded altar of an unknown god.
  1214 | D:3      | Reached skill level 5 in Dodging
  1286 | D:3      | Reached * piety under Wu Jian
  1884 | D:3      | Reached XP level 7. HP: 43/50 MP: 3/15
  2005 | D:4      | Reached ** piety under Wu Jian
  2193 | D:4      | Found a burning altar of Makhleb.
  2195 | D:4      | Found a glowing silver altar of Zin.
  2196 | D:4      | Noticed an angel
  2196 | D:4      | Noticed a balrug
  2256 | D:4      | Found a blossoming altar of Fedhas.
  2270 | D:5      | Entered Level 5 of the Dungeon
  2288 | D:4      | Found Jughesat's Assorted Antiques.
  2481 | D:4      | Gained mutation: You are dopey. (Int -2) [potion of
                  | mutation]
  2481 | D:4      | Gained mutation: You passively map a small area around you.
                  | [potion of mutation]
  2622 | D:3      | Reached skill level 5 in Stealth
  2973 | D:7      | Noticed a hippogriff
  3053 | D:7      | Killed a hippogriff
  3053 | D:7      | Reached XP level 8. HP: 58/58 MP: 0/16
  3172 | D:7      | Noticed a hippogriff
  3505 | D:6      | Found a shattered altar of Ashenzari.
  3507 | D:6      | Found an opulent altar of Gozag.
  3594 | D:6      | Reached *** piety under Wu Jian
  3660 | D:7      | Reached XP level 9. HP: 53/65 MP: 0/18
  3783 | D:7      | Found a staircase to the Ecumenical Temple.
  3886 | D:7      | Learned a level 2 spell: Blink
  3889 | D:7      | Learned a level 2 spell: Slow
  3908 | D:7      | Learned a level 3 spell: Conjure Flame
  4255 | D:7      | Noticed a +0 dagger
  4255 | D:7      | Noticed a +0 dagger
  4256 | D:7      | Found a hide-covered altar of Uskayaw.
  4304 | D:7      | Found a shimmering altar of Xom.
  4512 | D:8      | Reached skill level 5 in Invocations
  4598 | D:8      | Identified a scroll of acquirement
  4617 | D:8      | Noticed Harold
  4630 | D:8      | Noticed a two-headed ogre
  4675 | D:7      | Reached XP level 10. HP: 40/73 MP: 1/20
  5259 | D:8      | Found an iron altar of Okawaru.
  5269 | D:8      | Killed a two-headed ogre
  5269 | D:8      | Reached skill level 5 in Fighting
  5269 | D:8      | Reached skill level 5 in Short Blades
  5269 | D:8      | Reached skill level 5 in Long Blades
  5269 | D:8      | Reached skill level 5 in Axes
  5269 | D:8      | Reached skill level 5 in Maces & Flails
  5269 | D:8      | Reached skill level 5 in Polearms
  5269 | D:8      | Reached skill level 5 in Staves
  5269 | D:8      | Reached skill level 5 in Slings
  5269 | D:8      | Reached skill level 5 in Bows
  5269 | D:8      | Reached skill level 5 in Crossbows
  5269 | D:8      | Reached skill level 5 in Throwing
  5269 | D:8      | Reached skill level 5 in Armour
  5269 | D:8      | Reached skill level 5 in Shields
  5269 | D:8      | Reached skill level 5 in Unarmed Combat
  5269 | D:8      | Reached skill level 5 in Evocations
  5281 | D:8      | Killed Harold
  5311 | D:9      | Found a staircase to the Lair.
  5331 | D:10     | Entered Level 10 of the Dungeon
  5337 | D:10     | Reached **** piety under Wu Jian
  5411 | D:9      | Reached skill level 5 in Transmutations
  5647 | D:5      | Noticed Pikel
  5650 | D:5      | Killed Pikel
  6077 | D:10     | Found Wupaurgh's Food Shop.
  6121 | D:10     | Noticed a vault guard
  6135 | D:10     | Killed a vault guard
  6135 | D:10     | Reached XP level 11. HP: 69/81 MP: 12/22
  6309 | D:9      | Noticed Prince Ribbit
  6316 | D:9      | Killed Prince Ribbit
  6415 | D:9      | Found Vyguitets's Antique Weapon Shoppe.
  6439 | D:9      | Bought a runed rapier for 175 gold pieces
  6447 | D:9      | Bought a runed rapier for 175 gold pieces
  6472 | Lair:1   | Entered Level 1 of the Lair of Beasts
  6473 | Lair:1   | Reached skill level 5 in Conjurations
  6473 | Lair:1   | Reached skill level 5 in Hexes
  6473 | Lair:1   | Reached skill level 5 in Charms
  6473 | Lair:1   | Reached skill level 5 in Summonings
  6473 | Lair:1   | Reached skill level 5 in Necromancy
  6473 | Lair:1   | Reached skill level 5 in Translocations
  6473 | Lair:1   | Reached skill level 5 in Fire Magic
  6473 | Lair:1   | Reached skill level 5 in Ice Magic
  6473 | Lair:1   | Reached skill level 5 in Air Magic
  6473 | Lair:1   | Reached skill level 5 in Earth Magic
  6732 | D:9      | Upgraded the game from 0.25-a0-707-g603da076d2 to
                  | 0.25-a0-713-g4845790874
  6809 | D:9      | Reached ***** piety under Wu Jian
  6897 | D:10     | Noticed Joseph
  6907 | D:10     | Killed Joseph
  7040 | D:11     | Noticed Snorg
  7049 | D:11     | Killed Snorg
  7493 | D:11     | Reached XP level 12. HP: 89/89 MP: 5/24
  7523 | D:11     | Noticed Maurice
  7663 | D:10     | Noticed an ettin
  7688 | D:10     | Killed an ettin
  7834 | D:11     | Killed Maurice
  7980 | D:10     | Found a runed translucent gate.
  7981 | D:10     | Found a runed translucent gate.
  7984 | D:10     | Found a runed translucent gate.
  7984 | D:10     | Noticed Rotter5's ghost (journeyman DrIE)
  7985 | D:10     | Identified the +10 plate armour of the Demon Prince
                  | {Stlth+}
  7986 | D:10     | Found a roughly hewn altar of Beogh.
  8086 | D:10     | Killed Rotter5's ghost
  8270 | D:10     | Got a twisted glaive
  8272 | D:10     | Identified the +1 glaive of Cruel Justice {venom, MR- Str+4
                  | Int+2} (You found it on level 10 of the Dungeon)
  8327 | D:10     | Found a portal to a secret trove of treasure.
  8739 | D:12     | Noticed an iron dragon
  8740 | D:12     | Noticed a crystal guardian
  9134 | D:10     | Found a staircase to the Orcish Mines.
  9134 | D:10     | HP: 2/91 [something (7)]
  9289 | D:12     | Noticed a deep troll earth mage
  9523 | Lair:1   | Found an opulent altar of Gozag.
  9706 | Lair:2   | Reached ****** piety under Wu Jian
  9919 | Lair:2   | Reached XP level 13. HP: 68/98 MP: 0/26
 10094 | Lair:2   | Identified the Disquisition on Displaced Sinister Rites
 10100 | Lair:2   | Learned a level 2 spell: Sublimation of Blood
 10456 | Lair:3   | Found a hole to the Spider Nest.
 11052 | Lair:4   | Found a staircase to the Shoals.
 11444 | Lair:6   | Entered Level 6 of the Lair of Beasts
 11693 | Lair:6   | Reached skill level 10 in Spellcasting
 11853 | Lair:6   | Reached XP level 14. HP: 92/106 MP: 17/28
 12049 | Lair:6   | Learned a level 3 spell: Ozocubu's Armour
 12052 | Lair:6   | Learned a level 2 spell: Shroud of Golubria
 12230 | Lair:6   | Reached skill level 10 in Dodging
 12896 | Lair:6   | Reached skill level 10 in Stealth
 12954 | Lair:6   | Found a staircase to the Slime Pits.
 12959 | Lair:6   | Identified the Incunabulum of Shape Shifting and
                  | Translocation (You acquired it on level 6 of the Lair of
                  | Beasts)
 12961 | Lair:6   | Identified the ring of Joy {rPois rC+ Str+3 Int+5 Dex+2}
                  | (You acquired it on level 6 of the Lair of Beasts)
 12962 | Lair:6   | Found the +0 staff of Battle
 13003 | Lair:6   | Learned a level 5 spell: Borgnjor's Vile Clutch
 13712 | Spider:1 | Entered Level 1 of the Spider Nest
 13720 | Spider:1 | Reached skill level 10 in Invocations
 13905 | Spider:2 | Noticed Arachne
 13905 | Spider:2 | Noticed an emperor scorpion
 13962 | Spider:1 | Learned a level 3 spell: Confusing Touch
 13973 | Spider:1 | Noticed an entropy weaver
 13979 | Spider:1 | Killed an entropy weaver
 14208 | Spider:1 | Reached XP level 15. HP: 105/114 MP: 4/29
 14544 | Spider:3 | Slain by a spark wasp

Levels and vault maps discovered:
D:1:      nzn_arrival_crosshair, layout_loops_ring
D:2:      layout_basic, lemuel_doored_altar, lemuel_coloured_pillars_altar,
          first_ration, chequers_serial_rivers_marsh, uniq_sigmund
D:3:      layout_rooms, nicolae_qazlal_general_emergency,
          chequers_ecumenical_altar_simple_redux, st_stairs_12
D:4:      minmay_angry_zag, layout_loops_ring,
          grunt_temple_overflow_order_and_chaos_2, vehumet_altar_wand_db,
          fedhas_altar_1, serial_shops, shop, saegor_snake_ambush
D:5:      layout_cave_pools, uniq_pikel
D:6:      layout_loops_ring, chequers_temple_overflow_statue_of_worship,
          serial_glass, glass_columns_a, glass_columns_b, glass_columns_b,
          glass_columns_b, glass_columns_a
D:7:      layout_basic, dancing_weapons_uskayaw, marbit_many_paths,
          minmay_temple_entry_ruins, minmay_fractal_squares_5
D:8:      layout_cave_pools, okawaru_humans, kennysheep_little_box, uniq_harold
D:9:      layout_gridville, lair_entry_dummy, serial_shops, shop,
          hangedman_pestilent_swarm, uniq_prince_ribbit1
D:10:     layout_long_grid, hiddenorc2_lemuel, enter_trove_5, serial_shops,
          shop, biasface_ghost_orc_armoury, kennysheep_island_fort, uniq_joseph
D:11:     layout_small_grid, statue_in_the_mist_lemuel, uniq_maurice, uniq_snorg
D:12:     minmay_complete_graph, layout_cave_pools, st_stairs_4
Lair:1:   layout_cave_pods, basic_altar, grunt_megastairs_5
Lair:2:   regret_index_wax_grids, layout_misc_corridors, st_stairs_5,
          serial_bayou_lake_a, minmay_lair_oklob_chamber,
          infiniplex_staircase_pool
Lair:3:   layout_chaotic_city, nicolae_spider_entry_non_spiders
Lair:4:   layout_hall_layers, minmay_shoals_entry_beasts,
          nicolae_lair_grove_arrangements, grunt_megastairs_1
Lair:5:   layout_layer_cave
Lair:6:   minmay_lair_end_enchanted_forest, layout_gridlike,
          dpeg_slime_entry_corner, grunt_megastairs_3
Spider:1: layout_spider_delve, uniq_azrael
Spider:2: layout_spider_delve, uniq_arachne
Spider:3: layout_spider_delve, spiders_nest_hornet_nest

Skill      XL: |  1  2  3  4  5  6  7  8  9 10 11 12 13 14 |
---------------+-------------------------------------------+-----
Transmutations | 2 3 4 5 6 7 8 |  8.5
Spellcasting   | 5 6 7 8 9 10 | 10.9
Invocations    | 1 2 3 4 5 6 7 8 9 10 | 10.6
Fighting       | 1 2 3 4 5 6 7 8 9 |  9.8
Short Blades   | 1 2 3 4 5 6 7 8 9 |  9.8
Long Blades    | 1 2 3 4 5 6 7 8 9 |  9.8
Axes           | 1 2 3 4 5 6 7 8 9 |  9.8
Maces & Flails | 1 2 3 4 5 6 7 8 9 |  9.8
Polearms       | 1 2 3 4 5 6 7 8 9 |  9.8
Staves         | 1 2 3 4 5 6 7 8 9 |  9.8
Slings         | 1 2 3 4 5 6 7 8 9 |  9.8
Bows           | 1 2 3 4 5 6 7 8 9 |  9.8
Crossbows      | 1 2 3 4 5 6 7 8 9 |  9.8
Throwing       | 1 2 3 4 5 6 7 8 9 |  9.8
Armour         | 1 2 3 4 5 6 7 8 9 |  9.8
Shields        | 1 2 3 4 5 6 7 8 9 |  9.8
Unarmed Combat | 1 2 3 4 5 6 7 8 9 |  9.8
Conjurations   | 1 2 3 4 5 6 7 8 |  8.2
Hexes          | 1 2 3 4 5 6 7 8 |  8.2
Charms         | 1 2 3 4 5 6 7 8 |  8.2
Summonings     | 1 2 3 4 5 6 7 8 |  8.2
Necromancy     | 1 2 3 4 5 6 7 8 |  8.2
Translocations | 1 2 3 4 5 6 7 8 |  8.2
Fire Magic     | 1 2 3 4 5 6 7 8 |  8.2
Ice Magic      | 1 2 3 4 5 6 7 8 |  8.2
Air Magic      | 1 2 3 4 5 6 7 8 |  8.2
Earth Magic    | 1 2 3 4 5 6 7 8 |  8.2
Evocations     | 1 2 3 4 5 6 7 8 9 |  9.8
Dodging        | 5 6 7 8 9 10 | 10.7
Stealth        | 5 6 7 8 9 10 | 10.6
Poison Magic   | 6 7 8 9 |  9.9

Action                   |  1- 3 |  4- 6 |  7- 9 | 10-12 | 13-15 || total
-------------------------+-------+-------+-------+-------+-------++-------
Melee: Spear             |     3 |     6 |       |       |       ||     9
       Unarmed           |     1 |       |       |       |       ||     1
       Dagger            |       |    62 |    89 |    83 |       ||   234
       Bite              |       |     5 |    15 |    51 |    65 ||   136
       Punch             |       |     1 |     2 |    14 |    13 ||    30
       Flail             |       |       |     6 |       |       ||     6
       Halberd           |       |       |    58 |     5 |       ||    63
       Rapier            |       |       |       |   325 |   302 ||   627
       Staff             |       |       |       |       |   245 ||   245
Throw: Dart              |     9 |    11 |     3 |     6 |       ||    29
       Javelin           |       |       |       |       |     6 ||     6
 Cast: Sting             |    43 |    49 |    55 |    54 |    30 ||   231
       Poisonous Vapours |     1 |    11 |    25 |    25 |    22 ||    84
       Mephitic Cloud    |       |     5 |     6 |    14 |     7 ||    32
       Olgreb's Toxic Ra |       |     4 |    19 |    49 |    82 ||   154
       Ignite Poison     |       |     1 |    22 |    42 |    61 ||   126
       Conjure Flame     |       |       |     5 |     5 |       ||    10
       Slow              |       |       |     4 |     5 |       ||     9
       Blink             |       |       |     3 |     4 |     1 ||     8
       Sublimation of Bl |       |       |       |       |    23 ||    23
       Borgnjor's Vile C |       |       |       |       |    12 ||    12
       Ozocubu's Armour  |       |       |       |       |     4 ||     4
       Shroud of Golubri |       |       |       |       |     2 ||     2
Invok: Whirlwind         |       |     4 |     8 |    45 |   133 ||   190
       Lunge             |       |     1 |     3 |    47 |    41 ||    92
       Serpent's Lash    |       |       |       |     8 |     9 ||    17
 Abil: Wall Jump         |       |       |       |     5 |     7 ||    12
       Evoke Flight      |       |       |       |       |     1 ||     1
Evoke: Wand              |       |       |       |     1 |     6 ||     7
  Use: Scroll            |     1 |       |    15 |     8 |     8 ||    32
       Potion            |     1 |       |     2 |     2 |     1 ||     6
 Stab: Confused          |       |     2 |     1 |     3 |     2 ||     8
       Sleeping          |       |       |     3 |    16 |     9 ||    28
       Distracted        |       |       |       |     4 |     1 ||     5
  Eat: Chunk             |       |     4 |     8 |    20 |    14 ||    46
       Ration            |       |       |     1 |       |     2 ||     3
Armor: Robe              |     7 |       |       |       |       ||     7
       Leather armour    |       |       |     9 |    25 |       ||    34
       Troll leather arm |       |       |       |   128 |   107 ||   235
       Plate armour      |       |       |       |    14 |       ||    14
Dodge: Dodged            |    47 |    53 |   119 |   402 |   380 ||  1001
Block: Buckler           |       |       |       |       |    59 ||    59

Table legend:
 A = Non-vault XP
 B = Vault XP
 C = Vault XP percentage of total XP
 D = Non-vault monster count
 E = Vault monster count
 F = Vault count percentage of total count
                 A         B        C        D         E       F
            +---------+---------+-------+---------+---------+-------
      Total |   67695 |   31603 |  31.8 |     451 |     189 |  29.5
            +---------+---------+-------+---------+---------+-------
        D:1 |      20 |       0 |   0.0 |       9 |       0 |   0.0
        D:2 |     143 |     212 |  59.7 |      26 |       1 |   3.7
        D:3 |     296 |       1 |   0.3 |      47 |       1 |   2.1
        D:4 |     315 |      42 |  11.8 |      14 |       4 |  22.2
        D:5 |     265 |     673 |  71.7 |       4 |       1 |  20.0
        D:6 |     762 |       0 |   0.0 |      23 |       0 |   0.0
        D:7 |    1260 |     675 |  34.9 |      27 |       6 |  18.2
        D:8 |    2019 |    1433 |  41.5 |      16 |       3 |  15.8
        D:9 |    2323 |    1309 |  36.0 |      29 |       5 |  14.7
       D:10 |    1452 |    4639 |  76.2 |      25 |      41 |  62.1
       D:11 |    4821 |    1550 |  24.3 |      45 |       2 |   4.3
       D:12 |    2238 |     571 |  20.3 |      14 |       5 |  26.3
     Lair:1 |     932 |     619 |  39.9 |       4 |       2 |  33.3
     Lair:2 |     271 |    8015 |  96.7 |       5 |      49 |  90.7
     Lair:3 |    2930 |     362 |  11.0 |      14 |       8 |  36.4
     Lair:4 |    1881 |    1423 |  43.1 |       9 |       5 |  35.7
     Lair:5 |    5663 |       0 |   0.0 |      25 |       0 |   0.0
     Lair:6 |   10414 |   10079 |  49.2 |      38 |      56 |  59.6
   Spider:1 |   19028 |       0 |   0.0 |      50 |       0 |   0.0
   Spider:2 |    5127 |       0 |   0.0 |      16 |       0 |   0.0
   Spider:3 |    5535 |       0 |   0.0 |      11 |       0 |   0.0
            +---------+---------+-------+---------+---------+-------
